 Dungeon Crawl Stone Soup version 0.28-a0-1415-g7c84da036a (webtiles) character file.

Game seed: 16297850486568878984

121 croobank the Skirmisher (level 5, -1/37 HPs)
             Began as an Octopode Abyssal Knight on Jan 7, 2022.
             Was a Follower of Lugonu.
             Slain by an orc wizard (3 damage)
             ... on level 3 of the Dungeon.
             The game lasted 00:08:29 (2481 turns).

croobank the Skirmisher (Octopode Abyssal Knight)   Turns: 2481, Time: 00:08:30

Health: -1/37      AC:  1    Str: 12    XL:     5   Next: 5%
Magic:  7/7        EV: 13    Int: 15    God:    Lugonu [*.....]
Gold:   120        SH:  0    Dex: 12    Spells: 2/4 levels left

rFire   . . .      SeeInvis .   a - +1 hand axe
rCold   . . .      Faith    .   k - orb {mayhem}
rNeg    . . .      Spirit   .   (helmet restricted)
rPois   .          Reflect  .   (no amulet)
rElec   .          Harm     .   (no ring)
rCorr   .          Rampage  .   (no ring)
Will    .....                   (no ring)
Stlth   ++........              (no ring)
HPRegen 0.12/turn               (no ring)
MPRegen 0.10/turn               (no ring)
                                (no ring)
                                (no ring)

@: lethally poisoned (-1 -> -5)
A: almost no armour, amphibious, 8 rings, camouflage 1, gelatinous body 1,
(nimble swimmer 1), tentacles
a: Renounce Religion, Depart the Abyss


You were on level 3 of the Dungeon.
You worshipped Lugonu.
Lugonu was aware of your devotion.
You visited 1 branch of the dungeon, and saw 3 of its levels.
You visited the Abyss 1 time.

You collected 120 gold pieces.

Inventory:

Hand Weapons
 a - a +1 hand axe (weapon)
Missiles
 c - 49 stones
 h - 16 poisoned darts
 i - 14 bolts
 l - 25 sling bullets
Armour
 k - an orb of mayhem (worn)
Jewellery
 o - an amulet of guardian spirit
Wands
 m - a wand of acid (9)
Scrolls
 d - 2 scrolls of identify {unknown}
 f - a scroll of summoning {unknown}
 g - a scroll of teleportation {unknown}
 j - a scroll of enchant weapon {unknown}
 n - a scroll of noise {unknown}
Potions
 b - a potion of heal wounds {unknown}
 e - 2 potions of might {unknown}


   Skills:
 + Level 3.8 Fighting
 + Level 3.0 Axes
 + Level 3.3 Dodging
 + Level 3.1 Invocations


You had 2 spell levels left.
You knew the following spells:

 Your Spells              Type           Power      Damage    Failure   Level
a - Blink                 Tloc           0%         N/A       38%         2

Your spell library contained the following spells:

 Spells                   Type           Power      Damage    Failure   Level
 Animate Skeleton         Necr           0%         N/A       26%         1
 Apportation              Tloc           0%         N/A       26%         1
 Summon Small Mammal      Summ           0%         N/A       26%         1
 Lesser Beckoning         Tloc           0%         N/A       63%         3
 Manifold Assault         Tloc           0%         N/A       100%        5


Dungeon Overview and Level Annotations

Branches:
Dungeon (3/15)

Altars:
Trog

Annotations:
D:3 3 runed translucent doors, siradein's ghost, amateur DjGl


Innate Abilities, Weirdness & Mutations

You cannot wear most types of armour.
You are amphibious.
You can wear up to eight rings at the same time.
Your skin changes colour to match your surroundings (Stealth+).
Your rubbery body absorbs attacks. (AC +1, EV +1)
((You are camouflaged when in or above water. (Stealth+)))
You have tentacles for arms and can constrict up to eight enemies at once.


Message History

The orc priest hits you with a +0 flail.
You hit the orc priest. Your grab misses the orc priest.
Your tentacle-slap misses the orc priest.
The orc priest is lightly wounded.
You hit the fungus.
The fungus begins to die.
A nearby fungus withers and dies.
The orc priest hits you with a +0 flail.
The orc wizard mumbles some strange words.
The orc wizard flickers and vanishes!
Deactivating autopickup; reactivate with Ctrl-A.
You barely miss the orc priest. Your grab misses the orc priest.
Your squeeze misses the orc priest.
The orc priest is lightly wounded.
You hit the fungus.
The orc priest looks braver for a moment.
The orc priest blocks your attack.
Your grab misses the orc priest. You squeeze the orc priest!
The orc priest is severely wounded.
You hit the fungus. You hit something but do no damage.
The orc priest barely misses you. Something barely misses you.
The orc priest blocks your attack. x2
Your tentacle-slap misses the orc priest.
You squeeze the orc priest.
You kill the orc priest!
Lugonu accepts your kill.
You hit the fungus. You miss something. Something hits you.
You are poisoned.
Your Axes skill increases to level 3!
You have reached level 5!
You feel clever.
You closely miss something. You hit the fungus.
You feel very sick.
A nearby fungus withers and dies.
An orc priest comes into view. It is wielding a +0 flail.
Something hits you.
You miss something. Your squeeze misses something.
You feel sick.
The orc priest invokes the aid of Beogh against you.
Beogh smites you!
* * * LOW HITPOINT WARNING * * *
Something hits you.
You die...

######### #####
........#... ..
.##.##....####o#### ##
.##....#.....P....##
..
.##..#....#..P.....#.#
###..........P.......#
###.......#.........#
...<...#...#...)@)..#
###..#.....##.#.#{#.#
#..####..##.#.#.#$#
###..# #..##.......##
.....# #............#
.##.######.##......#.#
..#..................#
#..######.....######.#
...# #...### .#


You could see an orc priest.

Vanquished Creatures
  An orc priest (D:3)
  An iguana (D:3)
  3 dart slugs
  An orc (D:3)
  7 ball pythons
  7 endoplasms
  2 giant cockroaches
  5 goblins
  5 hobgoblins
  3 jackals (D:2)
  8 bats
  3 frilled lizards
  7 kobolds
  5 rats
58 creatures vanquished.

Vanquished Creatures (others)
  2 demonic plants (D:1)
  18 fungi
  6 plants (D:1)
  2 starspawn tentacles (Abyss:1)
  4 toadstools (D:3)
  4 withered plants (D:1)
36 creatures vanquished.

Grand Total: 94 creatures vanquished

Notes
Turn   | Place    | Note
-------+----------+-------------------------------------------
     0 | Abyss:1  | croobank the Octopode Abyssal Knight began the quest for
                  | the Orb.
     0 | Abyss:1  | Reached XP level 1. HP: 16/16 MP: 2/2
    22 | Abyss:1  | Noticed a tentacled starspawn
    31 | D:1      | Escaped the Abyss
    45 | D:1      | Noticed an octopode
    52 | D:1      | Noticed a gargoyle
    57 | D:1      | Noticed an octopode
    59 | D:1      | Noticed a draconian
    89 | D:1      | You fall into a shaft and drop 1 floor!
    92 | D:2      | Noticed an ogre
   114 | D:1      | Found a faded altar of an unknown god.
   178 | D:1      | Reached XP level 2. HP: 21/21 MP: 3/3
   308 | D:1      | Reached * piety under Lugonu
   560 | D:1      | Reached XP level 3. HP: 23/26 MP: 4/4
  1077 | D:2      | Learned a level 2 spell: Blink
  1576 | D:2      | Found a bloodstained altar of Trog.
  1924 | D:3      | Reached XP level 4. HP: 28/31 MP: 6/6
  2087 | D:3      | Noticed siradein's ghost (amateur DjGl)
  2095 | D:3      | Found a runed translucent gate.
  2148 | D:3      | Found a runed translucent gate.
  2149 | D:3      | Found a runed translucent gate.
  2480 | D:3      | Reached XP level 5. HP: 24/37 MP: 7/7
  2481 | D:3      | Slain by an orc wizard

Illustrated notes

Levels and vault maps discovered:
D:1:      shiori_arrival_whats_in_store_for_you, layout_rooms,
          shapermc_ecumenical_altar_gd, hangedman_decor_growths, st_stairs_12,
          minmay_misc_feat_enclosed, minmay_heptomino_o4
D:2:      layout_loops_ring, basic_altar
D:3:      layout_loops_ring, gammafunk_ghost_split, minmay_gold_behind_fungi,
          st_stairs_14

Skill      XL: |  1  2  3  4 |
---------------+-------------+-----
Dodging        | 3 |  3.3
Invocations    | 3 |  3.1
Axes           | 3 |  3.0
Fighting       | |  3.8

Action                   |  1- 3 |  4- 6 || total
-------------------------+-------+-------++-------
Melee: Hand axe          |    98 |    20 ||   118
       Constrict         |    25 |     6 ||    31
       Tentacles         |     9 |     5 ||    14
Invok: Depart the Abyss  |     1 |       ||     1
 Stab: Sleeping          |     9 |     1 ||    10
Armor: Skin              |    12 |       ||    12
Dodge: Dodged            |    58 |     7 ||    65

Table legend: (Time is in decaauts)
 A = Elapsed time spent in this place.
 B = Non-inter-level travel time spent in this place.
 C = Inter-level travel time spent in this place.
 D = Time resting spent in this place.
 E = Time spent auto-exploring this place.
 F = Levels seen in this place.
 G = Mean time per level.
                   A        B        C        D        E       F      G
               +--------+--------+--------+--------+--------+-----+--------+
         Total |   2502 |   2430 |     72 |    286 |   1544 |   4 |  625.5 |
       Dungeon |   2471 |   2399 |     72 |    286 |   1544 |   3 |  823.7 |
         Abyss |     31 |     31 |      0 |      0 |      0 |   1 |   31.0 |
               +--------+--------+--------+--------+--------+-----+--------+

Top non-repeatable levels by time:
     D:1: 1008 daAuts
     D:2: 895 daAuts
     D:3: 567 daAuts
 Abyss:1: 31 daAuts
